 Dungeon Crawl Stone Soup version 0.18-a0-1721-gc4d1f22 (webtiles) character file.

213 azaza322 the Shield-Bearer (level 5, 0/33 HPs)
             Began as a Gargoyle Fighter on Apr 9, 2016.
             Slain by azaza322's ghost (10 damage)
             ... on level 4 of the Dungeon.
             The game lasted 00:04:46 (2242 turns).

azaza322 the Shield-Bearer (Gargoyle Fighter)       Turns: 2242, Time: 00:04:47

Health: 0/33       AC: 12    Str: 30    XL:     5   Next: 90%
Magic:  5/5        EV:  8    Int:  8    God:
Gold:   113        SH: 14    Dex:  9    Spells: 0 memorised, 4 levels left

rFire  + . .     SeeInvis .     q - +1 whip (elec)
rCold  x . .     Gourm    .     b - +0 scale mail
rNeg   + . .     Faith    .     c - +0 shield
rPois  ∞         Spirit   .     (no helmet)
rElec  +         Dismiss  .     (no cloak)
rCorr  .         Reflect  +     (no gloves)
SustAt .         Harm     .     p - +0 pair of boots
MR     .....                    r - +4 amulet of reflection
Stlth  ..........               u - ring of fire
                                k - +4 ring of strength

@: mighty, not resistant to hostile enchantments, extremely unstealthy
A: negative energy resistance 1, electricity resistance, unbreathing,
petrification resistance, rot immunity, AC +4
a: no special abilities


You were on level 4 of the Dungeon.
You were not hungry.

You visited 1 branch of the dungeon, and saw 4 of its levels.

You collected 113 gold pieces.

Inventory:

Hand Weapons
 a - a +0 flail
 l - a +0 club
 q - a +1 whip of electrocution (weapon)
Armour
 b - a +0 scale mail (worn)
 c - a +0 shield (worn)
 p - a +0 pair of boots (worn)
Jewellery
 k - a +4 ring of strength (left hand)
 r - a +4 amulet of reflection (around neck)
 u - a ring of fire (right hand)
Scrolls
 g - 5 scrolls of identify {unknown}
 j - 2 scrolls of amnesia {unknown}
 n - a scroll of teleportation {unknown}
 s - a scroll of fear {unknown}
 w - a scroll of remove curse {unknown}
Potions
 h - a potion of magic {unknown}
 m - 2 potions of lignification {unknown}
Comestibles
 f - 2 bread rations
 i - a slice of pizza
 o - a royal jelly
 v - a meat ration


   Skills:
 + Level 4.1 Fighting
 + Level 3.1 Maces & Flails
 + Level 4.1 Armour
 - Level 0.4 Dodging
 + Level 5.1 Shields


You had 4 spell levels left.
You didn't know any spells.

Dungeon Overview and Level Annotations

Branches:
Dungeon (4/15)
 Temple: D:4-7

Altars:

Annotations:
D:4 azaza322's ghost, amateur GrFi


Innate Abilities, Weirdness & Mutations

You are resistant to torment.
Your stone body is resilient (AC +4).
You are immune to poison.
You resist negative energy.
You are resistant to electric shocks.
You can survive without breathing.
You are immune to petrification.
You are immune to rotting.


Message History

You block azaza322's ghost's attack.
You hit azaza322's ghost but do no damage.
Azaza322's ghost is moderately damaged.
Azaza322's ghost hits you.
* * * LOW HITPOINT WARNING * * *
You hit azaza322's ghost but do no damage.
Azaza322's ghost is moderately damaged.
Azaza322's ghost hits you but does no damage.
You feel very mighty all of a sudden.
Azaza322's ghost hits you but does no damage.
You whack azaza322's ghost!
Azaza322's ghost is severely damaged.
You block azaza322's ghost's attack.
You hit azaza322's ghost but do no damage.
Azaza322's ghost is severely damaged.
Azaza322's ghost barely misses you.
You hit azaza322's ghost.
Azaza322's ghost is severely damaged.
Azaza322's ghost hits you!
You die...

#................#
#........##>##..##
#........##.##..#
#........##.......
#.......###.#######
#.......###.#
#...........#
###########.# #@#
#W# #...# #(### ...
#.# ... ###


You could see azaza322's ghost.

Vanquished Creatures
  An orc wizard (D:4)
  4 gnolls (D:3)
  6 adders
  2 oozes
  A worm (D:2)
  A dart slug (D:2)
  3 giant geckos
  10 orcs
  4 giant cockroaches
  6 goblins
  4 hobgoblins
  4 kobolds
  A quokka (D:2)
  A ball python (D:1)
  10 bats
  3 giant newts (D:2)
  10 rats
71 creatures vanquished.

Vanquished Creatures (others)
  A kobold (D:3)
1 creature vanquished.

Grand Total: 72 creatures vanquished

Notes
Turn   | Place    | Note
--------------------------------------------------------------
     0 | D:1      | azaza322 the Gargoyle Fighter began the quest for the Orb.
     0 | D:1      | Reached XP level 1. HP: 14/14 MP: 1/1
    80 | D:1      | Reached XP level 2. HP: 15/19 MP: 2/2
   301 | D:1      | Reached XP level 3. HP: 22/24 MP: 3/3
  1054 | D:2      | Reached skill level 4 in Shields
  1057 | D:2      | Reached XP level 4. HP: 29/29 MP: 4/4
  1387 | D:3      | Reached XP level 5. HP: 30/33 MP: 5/5
  2094 | D:4      | Reached skill level 5 in Shields
  2172 | D:4      | Noticed azaza322's ghost (amateur GrFi)
  2242 | D:4      | Slain by azaza322's ghost

Vault maps used:
D:1:      dpeg_arrival_radiant, minivault_11
D:2:      first_bread
D:4:      black_bear_nest_1, led_sif_book, uniq_sigmund

Skill      XL: |  1  2  3  4  5 |
---------------+----------------+-----
Shields        | 4 5 |  5.1
Fighting       | 4 |  4.1
Armour         | 4 |  4.1
Maces & Flails | 3 |  3.1
Dodging        | |  0.4

Action                   |  1- 3 |  4- 6 || total
-------------------------+-------+-------++-------
Melee: Flail             |    89 |       ||    89
       Whip              |    59 |   204 ||   263
  Use: Potion            |       |     4 ||     4
  Eat: Chunk             |     1 |     4 ||     5
